 Dungeon Crawl Stone Soup version 0.28.0 (webtiles) character file.

Game seed: 16913841818545397204

398589 Kaptain the Ruinous (level 23, -16/142 HPs)
             Began as a Gargoyle Earth Elementalist on Feb 9, 2022.
             Demolished by a golden dragon (17 damage)
             ... on level 5 of the Vaults.
             The game lasted 03:53:05 (69151 turns).

Kaptain the Ruinous (Gargoyle Earth Elementalist)  Turns: 69151, Time: 03:53:05

Health: -16/142    AC: 41    Str: 12    XL:     23   Next: 25%
Magic:  28/43      EV:  2    Int: 36    God:
Gold:   3367       SH: 14    Dex: 13    Spells: 35/55 levels left

rFire   + + .      SeeInvis .   t - +9 broad axe "Laczatun" {freeze, rPois rF+ Will+}
rCold   + + .      Faith    .   Z - +1 kite shield {reflect}
rNeg    + . .      Spirit   .   K - +0 gold dragon scales
rPois   ∞          Reflect  +   N - +1 hat {Int+3}
rElec   +          Harm     .   x - +0 cloak {rC+}
rCorr   .          Rampage  .   v - +0 pair of gloves {Dex+3}
Will    ++...                   (no boots)
Stlth   ..........              i - amulet of magic regeneration
HPRegen 0.33/turn               T - +6 ring of intelligence
MPRegen 0.68/turn               Y - ring of wizardry

@: flying, studying 4 skills
A: sickness immunity, AC +17, big wings, negative energy resistance 1,
electricity resistance, torment resistance 1, petrification resistance
}: 2/15 runes: barnacled, gossamer
a: no special abilities


You were on level 5 of the Vaults.
You visited 9 branches of the dungeon, and saw 41 of its levels.
You visited 1 bazaar.
You also visited: Sewer, Bailey and Ice Cave.

You collected 7443 gold pieces.
You spent 4076 gold pieces at shops.

Inventory:

Hand Weapons
 t - the +9 broad axe "Laczatun" (weapon) {freeze, rPois rF+ Will+}
   (You found it in an ice cave)

   It freezes those it strikes, dealing additional cold damage.
   It can also slow down cold-blooded creatures.
   rF:        It protects you from fire.
   rPois:     It protects you from poison.
   Will:      It increases your willpower.
 E - the +11 short sword "Qasyts" {vorpal, SInv}
   (You bought it in a shop in a bazaar)

   It inflicts extra damage upon your enemies.
   SInv:      It lets you see invisible.
 Q - the +4 short sword "Esad Ufa" {freeze, rN+ Will+ Int+2}
   (You took it off a deep elf sorcerer on level 3 of the Elven Halls)

   It freezes those it strikes, dealing additional cold damage.
   It can also slow down cold-blooded creatures.
   Int:       It affects your intelligence (+2).
   rN:        It protects you from negative energy.
   Will:      It increases your willpower.
 R - the +5 long sword of Trauma {flame, MP+9}
   (You took it off a deep elf death mage on level 3 of the Elven Halls)

   It burns those it strikes, dealing additional fire damage.
   Big, fiery blades are also staple armaments of hydra-hunters.
   MP:        It affects your magic capacity (+9).
Missiles
 c - 1274 stones
Armour
 s - a +0 buckler of fire resistance
 v - a +0 pair of gloves of dexterity (worn)
 x - a +0 cloak of cold resistance (worn)
 y - a +1 leather armour of willpower
 K - +0 gold dragon scales (worn)
 N - a +1 hat of intelligence (worn)
 Z - a +1 kite shield of reflection (worn)
Magical Staves
 k - a staff of earth
 H - a staff of cold
Jewellery
 h - a ring of see invisible
 i - an amulet of magic regeneration (around neck)
 A - the ring of the Sixty-Six Tales {rElec Str+6 Stlth+}
   (You found it on level 11 of the Dungeon)

   [ring of strength]

   Str:       It affects your strength (+6).
   rElec:     It insulates you from electricity.
   Stlth:     It makes you more stealthy.
 L - a ring of protection from fire
 P - the amulet "Fint" {Acrobat rC+}
   (You found it on level 3 of the Elven Halls)

   [amulet of the acrobat]

   It increases your evasion while moving and waiting.
   rC:        It protects you from cold.
 T - a +6 ring of intelligence (left hand)
 Y - a ring of wizardry (right hand)
Wands
 w - a wand of iceblast (62)
 B - a wand of acid (40)
 F - a wand of digging (7)
Scrolls
 b - 4 scrolls of immolation
 f - 14 scrolls of teleportation
 n - 2 scrolls of blinking
 p - 3 scrolls of enchant armour
 r - 2 scrolls of holy word
 u - 9 scrolls of amnesia
 I - 5 scrolls of magic mapping
 O - 4 scrolls of fear
 S - 4 scrolls of fog
 U - 5 scrolls of enchant weapon
 W - 2 scrolls of summoning
Potions
 a - 4 potions of haste
 d - 2 potions of brilliance
 e - 10 potions of magic
 g - 5 potions of resistance
 j - 13 potions of lignification
 l - 12 potions of curing
 o - 5 potions of mutation
 q - 4 potions of heal wounds
 z - 13 potions of ambrosia
 C - 5 potions of might
 G - 3 potions of cancellation
 J - a potion of invisibility
 M - 3 potions of berserk rage
Miscellaneous
 m - a condenser vane
 D - a lightning rod (4/4)


   Skills:
 + Level 14.0 Fighting
 + Level 7.5 Axes
 + Level 14.0 Armour
 + Level 11.0 Dodging
 + Level 15.5 Stealth
 + Level 15.5 Shields
 * Level 16.7 Spellcasting
 * Level 21.4 Conjurations
 - Level 0.7 Transmutations
 + Level 7.1 Fire Magic
 * Level 21.1 Earth Magic


You had 35 spell levels left.
You knew the following spells:

 Your Spells              Type           Power      Damage    Failure   Level
a - Sandblast             Erth           100%       2d20      1%          1
b - Stone Arrow           Conj/Erth      100%       3d13      1%          3
c - Blink                 Tloc           60%        N/A       99%         2
d - Lee's Rapid Deconstr  Erth           55%        3d27*     1%          5
e - Iron Shot             Conj/Erth      55%        9d10      11%         6
f - Swiftness             Air            30%        N/A       100%        3

Your spell library contained the following spells:

 Spells                   Type           Power      Damage    Failure   Level
 Foxfire                  Conj/Fire      100%       2x1d9     1%          1
 Magic Dart               Conj           100%       1d8       1%          1
 Conjure Flame            Conj/Fire      93%        6-21      3%          3
 Passwall                 Tmut/Erth      69%        N/A       8%          2
 Static Discharge         Conj/Air       82%        N/A       9%          2
 Flame Wave               Conj/Fire      93%        2d16      12%         4
 Dazzling Flash           Conj/Hex       100%       N/A       16%         3
 Petrify                  Tmut/Erth      83%        N/A       43%         4
 Fulminant Prism          Conj/Hex       41%        3d20      45%         4
 Hailstorm                Conj/Ice       82%        3d17      45%         4
 Iskenderun's Mystic Bla  Conj/Tloc      82%        2d16      45%         4
 Leda's Liquefaction      Hex/Erth       41%        N/A       45%         4
 Mephitic Cloud           Conj/Pois/Air  69%        N/A       52%         3
 Irradiate                Conj/Tmut      41%        3d27      75%         5
 Borgnjor's Vile Clutch   Necr/Erth      41%        N/A       80%         5
 Lightning Bolt           Conj/Air       41%        1d60      80%         5
 Starburst                Conj/Fire      46%        6d13      86%         6
 Inner Flame              Hex/Fire       54%        N/A       95%         3
 Freeze                   Ice            100%       1d11      98%         1
 Summon Small Mammal      Summ           100%       N/A       98%         1
 Ignite Poison            Fire/Tmut/Pois 49%        N/A       98%         3
 Corpse Rot               Necr/Air       60%        N/A       99%         2
 Ensorcelled Hibernation  Hex/Ice        60%        N/A       99%         2
 Poisonous Vapours        Pois/Air       60%        N/A       99%         2
 Wereblood                Tmut           35%        N/A       99%         2
 Freezing Cloud           Conj/Ice/Air   34%        6-21      99%         5
 Call Canine Familiar     Summ           30%        N/A       100%        3
 Confusing Touch          Hex            30%        N/A       100%        3
 Frozen Ramparts          Ice            60%        1d8       100%        3
 Gell's Gravitas          Tloc           30%        N/A       100%        3
 Lesser Beckoning         Tloc           30%        N/A       100%        3
 Ozocubu's Armour         Ice            30%        N/A       100%        3
 Portal Projectile        Hex/Tloc       60%        N/A       100%        3
 Summon Guardian Golem    Hex/Summ       30%        N/A       100%        3
 Teleport Other           Tloc           30%        N/A       100%        3
 Airstrike                Air            15%        N/A       100%        4
 Animate Dead             Necr           15%        N/A       100%        4
 Dispel Undead            Necr           30%        3d14      100%        4
 Ice Form                 Ice/Tmut       32%        N/A       100%        4
 Olgreb's Toxic Radiance  Pois           30%        N/A       100%        4
 Summon Lightning Spire   Summ/Air       30%        N/A       100%        4
 Manifold Assault         Tloc           30%        N/A       100%        5
 Summon Forest            Summ/Tloc      15%        N/A       100%        5
 Yara's Violent Unravell  Hex/Tmut       16%        3d8       100%        5
 Death Channel            Necr           15%        N/A       100%        6
 Eringya's Noxious Bog    Tmut/Pois      16%        N/A       100%        6
 Simulacrum               Ice/Necr       15%        N/A       100%        6
 Enfeeble                 Hex            15%        N/A       100%        7
 Haunt                    Necr/Summ      15%        N/A       100%        7
 Ozocubu's Refrigeration  Ice            15%        4d8       100%        7
 Storm Form               Tmut/Air       16%        N/A       100%        7
 Summon Hydra             Summ           15%        N/A       100%        7
 Borgnjor's Revivificati  Necr           15%        N/A       100%        8
 Ignition                 Fire           34%        3d11      100%        8
 Maxwell's Capacitive Co  Air            15%        ∞         100%        8
 Necromutation            Tmut/Necr      16%        N/A       100%        8
 Death's Door             Necr           15%        N/A       100%        9
 Fire Storm               Conj/Fire      46%        8d12      100%        9
 Sublimation of Blood     Necr           Unusable   N/A       N/A         2
 Statue Form              Tmut/Erth      Unusable   N/A       N/A         6

Dungeon Overview and Level Annotations

Branches:
Dungeon (15/15)            Temple (1/1) D:6            Lair (6/6) D:9
 Shoals (4/4) Lair:3       Spider (4/4) Lair:2        Slime (1/5) Lair:6
    Orc (2/2) D:9             Elf (3/3) Orc:2        Vaults (5/5) D:14
  Crypt (0/3) Vaults:2     Depths (0/4) D:15          Sewer (visited)
 Bailey (visited)           IceCv (visited)

Altars:
Ashenzari
Cheibriados
Dithmenos
Elyvilon
Fedhas
Gozag
Hepliaklqana
Kikubaaqudgha
Makhleb
Nemelex Xobeh
Okawaru
Qazlal
Ru
Sif Muna
Trog
Uskayaw
Vehumet
Wu Jian
Xom
Yredelemnul
Zin
The Shining One
Beogh
Jiyva
Lugonu

Shops:
D:4 *   D:9 *   D:10 [   D:11 (   D:12 [   D:13 *   Orc:1 *   Orc:2 ([*((
Shoals:2 :   Shoals:3 (

Portals:
Abyss: Shoals:1

Annotations:
Spider:1 3 runed translucent doors, nogo's ghost, adept HODe


Innate Abilities, Weirdness & Mutations

You are immune to sickness and miasma.
Your stone body is resilient. (AC +17)
You are immune to poison.
Your large and strong wings let you fly.
You resist negative energy. (rN+)
You are resistant to electric shocks. (rElec)
You are resistant to unholy torment.
You are immune to petrification.


Message History

Aiming: Iron Shot (dangerous; 11% risk of failure)
Press: ? - help, Shift-Dir - straight line, f/p - tentacled monstrosity
Aim: a tentacled monstrosity (moderately wounded, constricting you, strong, 93% to hit)
The iron shot hits the tentacled monstrosity!!!
The tentacled monstrosity is severely wounded.
The dread lich gestures wildly while chanting.
The dread lich flickers and vanishes!
Deactivating autopickup; reactivate with Ctrl-A.
The ironbound convoker hits you but does no damage.
The vault guard hits you from afar with a +3 halberd of venom!!
The tentacled monstrosity tentacle-slaps you but does no damage. x2
The tentacled monstrosity completely misses you.
The tentacled monstrosity constricts you!
Casting: Iron Shot (dangerous; 11% risk of failure)
Confirm with . or Enter, or press ? or * to list all spells.
Aiming: Iron Shot (dangerous; 11% risk of failure)
Press: ? - help, Shift-Dir - straight line, f/p - tentacled monstrosity
Aim: a tentacled monstrosity (severely wounded, constricting you, strong, 93% to hit)
The iron shot hits the tentacled monstrosity!!!
You kill the tentacled monstrosity!
Something touches you but does no damage.
The ironbound convoker gestures at the golden dragon while chanting.
The golden dragon seems to grow stronger.
You block the vault guard's attack.
A deep elf high priest comes into view.
The golden dragon bites you!!
* * * LOW HITPOINT WARNING * * *
The golden dragon claws you!
* * * LOW HITPOINT WARNING * * *
The golden dragon tramples you.
* * * LOW HITPOINT WARNING * * *
You are shoved backwards!
The deep elf high priest moves out of view.
You feel much better.
The vault guard hits you with a +3 halberd of venom!!
* * * LOW HITPOINT WARNING * * *
The golden dragon bites you!!
* * * LOW HITPOINT WARNING * * *
The golden dragon claws you!
You die...

.... #....# ....
...$.#....# ...
..(..#....###..
.....#........#
...^........#
#####..........####
...................
........@<.........
.......Dpp<........
.....(..<<.........
#####........######
............
....#....#....
...:..#....#.....#
###...#....#.....#
###e#....#....##


You could see a golden dragon (strong), a vault guard (strong) and an ironbound
convoker.

Vanquished Creatures
  Margery (Vaults:2)
  A golden dragon (Vaults:4)
  A tentacled monstrosity (Vaults:5)
  Asterion (Spider:1)
  Jorgrun (Shoals:2)
  A titan (Vaults:4)
  A deep elf master archer (Elf:3)
  3 deep elf blademasters
  Gastronok (Lair:2)
  Polyphemus (Shoals:2)
  A kraken (Shoals:4)
  2 ancient champions (Elf:3)
  A tengu reaver (Vaults:3)
  2 sphinxes (Vaults:3)
  A frost giant (Shoals:4)
  2 orc warlords (Vaults:2)
  5 emperor scorpions
  7 ghost moths
  9 vault wardens
  6 deep elf sorcerers (Elf:3)
  Louise (Shoals:3)
  5 deep elf elementalists
  A war gargoyle (Vaults:3)
  4 very ugly things (Vaults:1)
  13 ironbound preservers
  A broodmother (Spider:1)
  2 ironbound thunderhulks
  2 deep elf annihilators (Elf:3)
  6 deep elf demonologists (Elf:3)
  8 spark wasps
  17 dire elephants
  4 entropy weavers
  Nessos (Orc:2)
  A spark wasp (shapeshifter) (Vaults:2)
  2 spectral elves (Elf:3)
  Snorg (D:11)
  10 merfolk impalers
  7 deep elf death magi
  2 ettins
  3 merfolk javelineers (Shoals:4)
  2 great orbs of eyes
  9 deep elf high priests
  8 yaktaur captains
  27 vault guards
  Harold (D:8)
  A jorogumo (Spider:3)
  A rakshasa (D:11)
  7 hydras
  9 boulder beetles
  10 ironbound frosthearts
  An ogre mage (D:15)
  2 ice dragons (D:14)
  A peacekeeper (Vaults:3)
  12 centaur warriors
  2 catoblepae
  2 radroaches
  Erica (D:11)
  2 alligator snapping turtles
  7 merfolk aquamancers
  3 satyrs
  3 death knights
  10 two-headed ogres
  28 dancing weapons
  3 merfolk avatars
  3 tengu warriors
  5 orc high priests
  17 death yaks
  8 hell knights
  Nergalle (D:11)
  6 skeletal warriors
  20 deep elf knights
  2 shadow wraiths
  36 deep trolls
  A flayed ghost (Elf:3)
  10 pharaoh ants
  2 sun moths
  8 deep elf archers
  11 sea snakes
  13 orb spiders
  7 steelbarb worms
  15 orc knights
  A phantasmal warrior (Elf:3)
  A glowing orange brain (Vaults:2)
  A tengu zombie (Vaults:3)
  13 wizards
  Pikel (D:9)
  17 ironbound convokers
  6 lindwurms
  An orange crystal statue (Vaults:2)
  39 harpies
  4 necromancers
  The ghost of Morbidden the Destroyer, a novice VSCj of Yredelemnul (D:7)
  32 deep elf pyromancers
  14 deep elf zephyrmancers
  23 wolf spiders
  4 orc sorcerers (Orc:2)
  13 manticores
  18 fauns
  2 moths of wrath
  7 cyclopes
  31 ugly things
  12 elephants
  10 merfolk sirens
  12 vault sentinels
  Maurice (D:11)
  An ice statue (IceCv)
  9 water nymphs
  6 black mambas
  8 torpor snails
  3 gargoyles
  A torpor snail (shapeshifter) (Vaults:2)
  9 cane toads
  A storm dragon simulacrum (Vaults:3)
  30 yaktaurs
  An unseen horror (D:12)
  3 efreet
  A freezing wraith (D:13)
  16 komodo dragons
  2 kobold demonologists (D:13)
  6 rime drakes
  5 demonic crawlers
  2 ice devils (Orc:1)
  6 trolls
  6 meliai
  38 merfolk
  13 polar bears
  3 wind drakes
  11 hornets
  36 tarantellas
  15 dream sheep
  8 snapping turtles
  34 slime creatures
  37 jumping spiders
  3 air elementals
  2 vampires
  2 flying skulls (Elf:3)
  13 spriggans (Lair:6)
  4 wraiths
  3 wyverns
  95 yaks
  22 culicivoras
  23 water elementals
  A shadow (D:11)
  A basilisk (shapeshifter) (D:14)
  An elf skeleton (Vaults:3)
  Grum (D:8)
  2 steam dragons
  5 basilisks
  87 redbacks
  2 vampire mosquitoes (D:13)
  Menkaure (D:5)
  A human simulacrum (Vaults:3)
  A warg (Orc:2)
  An acid dragon (D:11)
  19 water moccasins
  A sky beast (shapeshifter) (D:13)
  Duvessa (D:5)
  37 orc warriors
  2 ice beasts
  7 black bears
  2 necrophages (D:5)
  3 boggarts (Lair:6)
  36 wolves
  16 ogres
  A centaur (D:6)
  3 elf simulacra (Elf:3)
  A phantom (D:7)
  7 kobold brigands
  Blork the orc (D:5)
  6 bullfrogs
  5 scorpions
  2 gnoll sergeants
  A water moccasin zombie (D:5)
  A wyvern skeleton (D:7)
  Dowan (D:5)
  4 killer bees (D:9)
  5 wights
  7 electric eels
  7 centaur zombies
  3 hounds
  A human zombie (D:5)
  4 bullfrog zombies (D:5)
  A centaur skeleton (D:7)
  16 orc priests
  Crazy Yiuf (D:3)
  A gnoll shaman (D:5)
  3 iguanas
  3 jellies
  Ijyb (D:4)
  A hell rat (D:9)
  22 orc wizards
  3 killer bee zombies
  2 howler monkey zombies
  17 gnolls
  6 river rats
  11 adders
  A white imp (D:5)
  An ufetubus (D:7)
  7 worms
  13 dart slugs
  78 orcs
  4 bats
  10 endoplasms
  4 giant cockroaches
  7 goblins
  16 hobgoblins
  6 jackals
  9 quokkas
  8 ball pythons
  5 frilled lizards
  27 kobolds
  A quokka skeleton (D:4)
  14 rats
  2 lurking horrors (Shoals:1)
  A tentacle (Shoals:4)
1788 creatures vanquished.

Vanquished Creatures (others)
  A water elemental (Shoals:2)
  A bush (Elf:3)
  59 fungi
  A lost soul (Elf:3)
  144 plants
  3 tentacles (Shoals:4)
  5 toadstools (D:1)
214 creatures vanquished.

Grand Total: 2002 creatures vanquished

Notes
Turn   | Place    | Note
-------+----------+-------------------------------------------
     0 | D:1      | Kaptain the Gargoyle Earth Elementalist began the quest for
                  | the Orb.
     0 | D:1      | Reached XP level 1. HP: 10/10 MP: 3/3
   338 | D:1      | Reached XP level 2. HP: 16/16 MP: 1/5
   936 | D:1      | Reached XP level 3. HP: 20/20 MP: 4/6
  1874 | D:2      | Reached skill level 1 in Armour
  1881 | D:2      | Reached XP level 4. HP: 17/24 MP: 0/7
  1991 | D:2      | Learned a level 3 spell: Stone Arrow
  1996 | D:2      | Learned a level 4 spell: Leda's Liquefaction
  2044 | D:2      | Reached skill level 1 in Fighting
  2808 | D:3      | Found a glowing drain.
  2828 | Sewer    | Entered a sewer
  2936 | Sewer    | Reached XP level 5. HP: 15/29 MP: 7/9
  3171 | Sewer    | Noticed a kobold brigand
  3180 | Sewer    | Killed a kobold brigand
  3181 | Sewer    | Reached skill level 1 in Conjurations
  3320 | Sewer    | Noticed a kobold brigand
  3332 | Sewer    | Killed a kobold brigand
  3333 | Sewer    | Reached skill level 5 in Earth Magic
  3333 | Sewer    | Reached XP level 6. HP: 35/35 MP: 5/10
  3717 | D:3      | Found a shadowy altar of Dithmenos.
  3835 | D:3      | Found a faded altar of an unknown god.
  3894 | D:3      | Noticed a black bear
  3898 | D:3      | Killed a black bear
  3899 | D:3      | Reached XP level 7. HP: 33/40 MP: 7/12
  3954 | D:3      | Learned a level 5 spell: Lee's Rapid Deconstruction
  4348 | D:3      | Found a runed translucent door.
  4352 | D:3      | Noticed Crazy Yiuf
  4358 | D:3      | Killed Crazy Yiuf
  4672 | D:4      | Found Dufaibb's Fire Supplies.
  4787 | D:4      | Noticed Ijyb
  4799 | D:4      | Killed Ijyb
  5124 | D:5      | Entered Level 5 of the Dungeon
  5124 | D:5      | Noticed Blork the orc
  5127 | D:5      | Killed Blork the orc
  5128 | D:5      | Reached XP level 8. HP: 45/45 MP: 6/14
  5519 | D:5      | Noticed Menkaure
  5524 | D:5      | Killed Menkaure
  5559 | D:5      | Noticed Duvessa
  5563 | D:5      | Noticed Dowan
  5565 | D:5      | Killed Duvessa
  5568 | D:5      | Killed Dowan
  5700 | D:5      | Found a glowing silver altar of Zin.
  5700 | D:5      | Noticed an angel
  6043 | D:5      | Reached skill level 5 in Spellcasting
  6043 | D:5      | Reached XP level 9. HP: 51/51 MP: 12/16
  6058 | D:5      | Reached skill level 5 in Conjurations
  6178 | D:5      | Found an ancient bone altar of Kikubaaqudgha.
  6223 | D:5      | Reached skill level 5 in Stealth
  6463 | D:6      | Found a staircase to the Ecumenical Temple.
  6476 | Temple   | Entered the Ecumenical Temple
  7343 | D:7      | Found a transporter.
  7344 | D:7      | Found a transporter.
  7346 | D:7      | Found a bloodstained altar of Trog.
  7346 | D:7      | Noticed Morbidden's ghost (novice VSCj)
  7357 | D:7      | Noticed a two-headed ogre
  7360 | D:7      | Noticed a moth of wrath
  7647 | D:7      | Reached XP level 10. HP: 58/58 MP: 0/19
  7771 | D:7      | Found a stormy altar of Qazlal.
  7858 | D:7      | Found a sparkling altar of Nemelex Xobeh.
  7922 | D:7      | Found a shimmering blue altar of Sif Muna.
  7922 | D:7      | Found a white marble altar of Elyvilon.
  8068 | D:8      | Noticed Grum
  8074 | D:8      | Killed Grum
  8114 | D:8      | Found a flagged portal.
  8124 | Bailey   | Entered a bailey
  8177 | Bailey   | Noticed an orc knight
  8204 | Bailey   | Killed an orc knight
  8205 | Bailey   | Reached skill level 5 in Fighting
  8477 | Bailey   | Reached skill level 5 in Armour
  8506 | Bailey   | Noticed an orc knight
  8529 | Bailey   | Killed an orc knight
  8594 | Bailey   | Noticed an orc knight
  8609 | Bailey   | Killed an orc knight
  8686 | Bailey   | Reached XP level 11. HP: 64/64 MP: 5/21
  8760 | Bailey   | Noticed an orc warlord
  8776 | Bailey   | Noticed an orc knight
  8988 | D:8      | Noticed Harold
  8988 | D:8      | Noticed a two-headed ogre
  8998 | D:8      | Killed a two-headed ogre
  9090 | D:8      | Killed Harold
  9091 | D:8      | Reached skill level 10 in Earth Magic
  9201 | D:8      | Identified the +2 pair of gloves of Catatonia {Harm Will-
                  | Stlth+}
  9487 | D:9      | Found a staircase to the Orcish Mines.
  9623 | D:9      | Found a hazy altar of Hepliaklqana.
  9763 | D:9      | Noticed a death yak
  9764 | D:9      | Found a staircase to the Lair.
  9764 | D:9      | Noticed a death yak
  9765 | D:9      | Noticed a death yak
  9916 | D:8      | Killed a death yak
 10270 | D:9      | Noticed Pikel
 10274 | D:9      | Killed Pikel
 10310 | D:9      | Found Irchuph's General Store.
 10412 | D:9      | Reached skill level 1 in Shields
 10663 | D:9      | Reached skill level 5 in Dodging
 11034 | Lair:1   | Entered Level 1 of the Lair of Beasts
 11312 | Lair:1   | Identified the +10 quarterstaff of Corruption {elec, rPois
                  | rF+ Dex+4 Stlth+}
 11339 | Lair:1   | Reached XP level 12. HP: 44/71 MP: 8/24
 12691 | D:9      | Killed a death yak
 12704 | D:10     | Entered Level 10 of the Dungeon
 12735 | D:9      | Killed a death yak
 12953 | Lair:2   | Noticed a five-headed hydra
 12959 | Lair:2   | Killed a five-headed hydra
 13005 | Lair:2   | Reached skill level 10 in Conjurations
 13377 | Lair:2   | Noticed Gastronok
 13436 | Lair:3   | Found a staircase to the Shoals.
 13447 | Lair:3   | Reached XP level 13. HP: 70/76 MP: 15/26
 14103 | Lair:2   | Killed Gastronok
 14432 | Lair:2   | Found a hole to the Spider Nest.
 17270 | Lair:5   | Reached skill level 5 in Shields
 17597 | Lair:4   | Reached skill level 10 in Spellcasting
 17880 | Lair:5   | Gained mutation: Your large and strong wings let you fly.
                  | [Gargoyle growth]
 17880 | Lair:5   | Reached XP level 14. HP: 84/84 MP: 19/28
 18674 | Lair:6   | Entered Level 6 of the Lair of Beasts
 18969 | Orc:1    | Entered Level 1 of the Orcish Mines
 19093 | Orc:1    | Found a frozen archway.
 19111 | IceCv    | Entered an ice cave
 19931 | IceCv    | Noticed a frost giant
 20636 | IceCv    | Identified the +9 broad axe "Laczatun" {freeze, rPois rF+
                  | Will+}
 21321 | Orc:1    | Found Kumoadwu's Assorted Antiques.
 21434 | Orc:2    | Entered Level 2 of the Orcish Mines
 21513 | Orc:2    | Noticed Nessos
 21523 | Orc:2    | Killed Nessos
 21695 | Orc:2    | Found Tustruumo's Weapon Shoppe.
 21758 | Orc:2    | Reached skill level 10 in Stealth
 21873 | Orc:2    | Found a staircase to the Elven Halls.
 22438 | Orc:2    | Reached XP level 15. HP: 90/90 MP: 23/29
 22658 | Orc:2    | Found Lyekeq's Antique Weapon Boutique.
 22663 | Orc:2    | Found Hiloapto's Weapon Shoppe.
 22667 | Orc:2    | Found Apayvaqa's Assorted Antiques.
 22730 | Orc:2    | Found Umenaul's Antique Armour Boutique.
 23593 | Lair:6   | Got Sif Muna's Grimoire of Orientation
 23605 | Lair:6   | Found a runed translucent door.
 23606 | Lair:6   | Found a viscous altar of Jiyva.
 23609 | Lair:6   | Found a staircase to the Slime Pits.
 24808 | Elf:1    | Entered Level 1 of the Elven Halls
 25025 | Elf:1    | Learned a level 2 spell: Blink
 25069 | Elf:1    | Noticed a deep elf elementalist
 25089 | Elf:1    | Killed a deep elf elementalist
 25404 | Elf:1    | Reached skill level 15 in Earth Magic
 25930 | Elf:1    | Reached XP level 16. HP: 88/97 MP: 21/31
 26945 | Elf:2    | Reached skill level 10 in Fighting
 27422 | Elf:2    | Found a runed translucent gate.
 27423 | Elf:2    | Found a runed translucent gate.
 27423 | Elf:2    | Found a runed translucent gate.
 27600 | Elf:2    | Noticed a deep elf blademaster
 27772 | Elf:2    | Killed a deep elf blademaster
 27986 | Elf:2    | Reached skill level 10 in Armour
 28981 | Elf:3    | Entered Level 3 of the Elven Halls
 29336 | Elf:3    | Identified the amulet "Fint" {Acrobat rC+}
 29932 | Elf:3    | Noticed an ancient champion
 30066 | Elf:3    | Reached XP level 17. HP: 103/103 MP: 21/33
 30096 | Elf:3    | Killed an ancient champion
 30136 | Elf:3    | Noticed an ancient champion
 30139 | Elf:3    | Killed an ancient champion
 31322 | Elf:3    | Noticed a deep elf blademaster
 31623 | Elf:3    | Killed a deep elf blademaster
 31800 | Elf:3    | Noticed a deep elf master archer
 31819 | Elf:3    | Identified the +8 hand crossbow "Liach" {flame, Will+}
 31820 | Elf:3    | Identified the +5 lajatang of the Establishment {vorpal,
                  | MP+9 Str-3 Int+7 SInv}
 31820 | Elf:3    | Identified the +3 scale mail "Uggim" {rC- Int+7}
 31844 | Elf:3    | Identified the +4 short sword "Esad Ufa" {freeze, rN+ Will+
                  | Int+2}
 32150 | Elf:3    | Noticed a deep elf blademaster
 32160 | Elf:3    | Killed a deep elf blademaster
 32458 | Elf:3    | Killed a deep elf master archer
 33082 | Elf:3    | Identified the +5 long sword of Trauma {flame, MP+9}
 33085 | Elf:3    | Reached skill level 15 in Conjurations
 33203 | Elf:3    | Got Ojyrach's Papyrus of Venom
 33213 | Elf:3    | Got the Reference Book on the Dusty Blaze
 33218 | Elf:3    | Got the Handbook of Unholy Rituals
 33315 | Elf:3    | Got the Grimoire of Noxious Snow
 33439 | Elf:3    | Acquired the Papyrus of Combat Magic and Snow
 33448 | Elf:3    | Learned a level 6 spell: Iron Shot
 33603 | Shoals:1 | Entered Level 1 of the Shoals
 33915 | D:10     | Found Lofufa's Armour Emporium.
 34408 | D:11     | Identified the ring of the Sixty-Six Tales {rElec Str+6
                  | Stlth+}
 34410 | D:11     | Identified the +1 bardiche "Nolopeff" {vorpal, Str+2 Dex+6}
 34504 | D:11     | Noticed Erica
 34545 | D:11     | Killed Erica
 34596 | D:11     | Noticed Nergalle
 34610 | D:11     | Killed Nergalle
 34834 | D:11     | Noticed Snorg
 34837 | D:11     | Killed Snorg
 34894 | D:11     | Noticed Maurice
 34898 | D:11     | Killed Maurice
 34928 | D:11     | Found Fuxaatz's Antique Weapon Shoppe.
 35312 | D:12     | Found a shimmering altar of Xom.
 35316 | D:12     | Reached XP level 18. HP: 78/110 MP: 18/35
 36116 | D:12     | Found Dioc's Antique Armour Boutique.
 36952 | D:13     | Found Onwud's Elemental Accessories.
 37871 | Spider:1 | Entered Level 1 of the Spider Nest
 37940 | Spider:1 | Reached skill level 10 in Shields
 38206 | Spider:1 | Got Sif Muna's Compendium of the Earthen Voyage
 38293 | Spider:1 | Found a runed translucent gate.
 38294 | Spider:1 | Found a runed translucent gate.
 38295 | Spider:1 | Found a runed translucent gate.
 38319 | Spider:1 | Identified the +8 rapier of Disaster {freeze, Will+}
 39207 | Spider:1 | Noticed nogo's ghost (adept HODe)
 39244 | Spider:1 | Noticed Asterion
 39259 | Spider:1 | Killed Asterion
 40315 | D:7      | Killed Morbidden's ghost
 41608 | Shoals:1 | Found a one-way gate to the infinite horrors of the Abyss.
 41614 | Shoals:1 | Found a corrupted altar of Lugonu.
 42646 | Shoals:2 | Noticed Jorgrun
 43011 | Shoals:2 | HP: 4/112 [merfolk aquamancer/shard of ice (41)]
 43013 | Shoals:2 | Found Qerchilea's Self-Improvement Boutique.
 43435 | Shoals:2 | Bought a manual of Conjurations for 1120 gold pieces
 43442 | Shoals:2 | Reached XP level 19. HP: 116/116 MP: 20/37
 43831 | Shoals:2 | Killed Jorgrun
 43836 | Shoals:2 | Noticed Polyphemus
 43841 | Shoals:2 | Killed Polyphemus
 45975 | Shoals:3 | Noticed Louise
 45984 | Shoals:3 | Killed Louise
 46029 | Shoals:3 | Found Zauh's Antique Weapon Emporium.
 46315 | Shoals:4 | Entered Level 4 of the Shoals
 47780 | Shoals:4 | Identified the +1 robe "Vufeusch" {Str+5}
 47782 | Shoals:4 | Identified the +2 robe "Ybiuc" {-Tele rN+ Will++ rCorr}
 47784 | Shoals:4 | Identified the +7 spear of Lenafev {freeze, *Rage rPois
                  | SInv Stlth+}
 48771 | Shoals:4 | Got a barnacled rune of Zot
 48788 | Shoals:4 | Reached XP level 20. HP: 123/123 MP: 28/38
 50832 | Spider:2 | Reached skill level 15 in Spellcasting
 51377 | Spider:3 | Identified the +1 robe "Xack" {+Inv Regen+ Str+3 Int-2}
 51431 | Spider:3 | Reached skill level 10 in Dodging
 52337 | Shoals:2 | Bought a manual of Axes for 1120 gold pieces
 52771 | Spider:3 | Reached skill level 1 in Axes
 53590 | Spider:4 | Entered Level 4 of the Spider Nest
 55774 | Spider:4 | Got a gossamer rune of Zot
 56008 | Slime:1  | Entered Level 1 of the Pits of Slime
 56164 | D:12     | Acquired 563 gold pieces
 56166 | D:12     | Acquired 788 gold pieces
 56168 | D:12     | Acquired 944 gold pieces
 56309 | Shoals:2 | Bought a manual of Fire Magic for 1120 gold pieces
 56514 | D:14     | Reached XP level 21. HP: 114/129 MP: 31/40
 56522 | D:14     | Found a gate to the Vaults.
 56576 | D:14     | Found a flickering gateway to a bazaar.
 56581 | Bazaar   | Entered a bazaar
 56585 | Bazaar   | Found Conkifid's Weapon Boutique.
 56606 | Bazaar   | Found Yzeguc's Antique Weapon Shoppe.
 56611 | Bazaar   | Bought a crystal short sword for 176 gold pieces
 56611 | Bazaar   | Identified the +11 short sword "Qasyts" {vorpal, SInv} (You
                  | bought it in a shop in a bazaar)
 56630 | Bazaar   | Found Ehimiur's Book Boutique.
 56635 | Bazaar   | Bought Sif Muna's Collected Works on Unholy Heat for 360
                  | gold pieces
 56635 | Bazaar   | Bought a book of Burglary for 180 gold pieces
 56639 | Bazaar   | Learned a level 3 spell: Swiftness
 56651 | Bazaar   | Found Tutsitoa's Antique Armour Emporium.
 57184 | D:14     | Found a radiant altar of Vehumet.
 57571 | D:15     | Entered Level 15 of the Dungeon
 57796 | D:15     | Found a staircase to the Depths.
 57890 | D:15     | Reached skill level 1 in Fire Magic
 58169 | D:15     | Found a blossoming altar of Fedhas.
 58526 | Vaults:1 | Entered Level 1 of the Vaults
 60528 | Vaults:2 | Noticed Margery
 60783 | Vaults:2 | Killed Margery
 61682 | Vaults:2 | Reached skill level 5 in Axes
 61985 | Vaults:2 | Reached XP level 22. HP: 122/136 MP: 7/42
 62848 | Vaults:2 | Found a staircase to the Crypt.
 63404 | Vaults:2 | Identified the +0 scale mail of Refuge {rCorr}
 63558 | Vaults:2 | Reached skill level 15 in Stealth
 63573 | Vaults:2 | Reached skill level 5 in Fire Magic
 64369 | Vaults:2 | Identified the +9 arbalest "Ismour" {venom, Str+4}
 65170 | Vaults:3 | Reached skill level 15 in Shields
 67506 | Vaults:4 | Found Jini's Distillery.
 67589 | Vaults:4 | Reached XP level 23. HP: 141/141 MP: 30/43
 67949 | Vaults:5 | Entered Level 5 of the Vaults
 67949 | Vaults:5 | Noticed a dread lich
 67997 | Vaults:5 | Noticed a golden dragon
 68487 | Vaults:5 | Noticed a golden dragon
 68819 | Vaults:4 | Killed a golden dragon
 69151 | Vaults:5 | HP: 1/142 [golden dragon (29)]
 69151 | Vaults:5 | Demolished by a golden dragon

Illustrated notes

Levels and vault maps discovered:
D:1:      dpeg_arrival_morbid_curiosity, layout_basic, minmay_gold_behind_fungi
D:2:      layout_loops_cross
D:3:      layout_basic, amcnicky_altar_gilded, cheibrodos_sewer_entry_sluice,
          chequers_ecumenical_altar_simple_redux, kennysheep_generic_room_12,
          uniq_crazy_yiuf_cottage
D:4:      layout_basic, nicolae_shop_fire_sale [nicolae_sub_dead_trees],
          uniq_ijyb
D:5:      layout_loops_ring, zin_angel, lemuel_mausoleum_altar_kikubaaqudgha,
          ebering_dispersal_statue_hall, uniq_blork_the_orc, uniq_menkaure,
          uniq_duvessa
D:6:      kennysheep_slugbush, layout_rooms, minmay_temple_entry_wispy
D:7:      layout_basic, nicolae_qazlal_scattered_showers,
          nemelex_xobeh_ov_fountains_minmay, mainiacjoe_overflow_divided_tiny,
          gammafunk_ghost_wrathful_warriors, kennysheep_generic_room_3
D:8:      layout_loops_ring, enter_bailey_2, uniq_grum, uniq_harold
D:9:      layout_loops_ring, kennysheep_mini, dpeg_lair_monsters, orc_0_dummy,
          serial_shops, nicolae_shop_window_shopping, hangedman_corner_corridor,
          uniq_pikel
D:10:     minmay_chambers_of_sevens, layout_loops_cross, tgw_trog, serial_shops,
          nicolae_shop_waterfront
D:11:     layout_basic, serial_shops, nicolae_shop_behind_doors,
          kennysheep_nondescript, minmay_radiant, uniq_maurice, uniq_snorg,
          uniq_nergalle, uniq_erica
D:12:     layout_long_grid, serial_shops, nicolae_shop_overgrown_old_shop,
          minmay_ruined_shrine
D:13:     layout_stronghold, serial_column_ruins, column_ruins_grid_4,
          column_ruins_open_tiny_water, column_ruins_open_small,
          column_ruins_corridor_straight, column_ruins_open_tiny,
          nicolae_elemental_shop
D:14:     layout_small_grid, david_vaults_4, minmay_splitting_lines,
          serial_shops, bzr_entry_road, nicolae_vehumet_radiance
D:15:     hangedman_depths_entry_civil_slaughter, layout_loops_ring,
          fedhas_altar_3
Temple:   cyrus_circular_temple
Lair:1:   layout_cave_pods, grunt_megastairs_4
Lair:2:   layout_cave_pods, nicolae_spider_entry_non_spiders,
          infiniplex_staircase_pool_2, uniq_gastronok
Lair:3:   layout_misc_corridors, elwin_shoals_entry_rocks, serial_bayou_shore_a
Lair:4:   layout_gridlike, minivault_25, serial_bayou_shore_b,
          infiniplex_staircase_pool
Lair:5:   layout_cave_pods, serial_bayou_pond_a, grunt_megastairs_2
Lair:6:   minmay_lair_end_enchanted_forest, layout_regular_city, slime_altar_2
Shoals:1: layout_shoals, amcnicky_altar_lugonu_corruption
Shoals:2: layout_shoals, nicolae_shop_self_help, uniq_polyphemus, uniq_jorgrun
Shoals:3: layout_shoals, serial_shops, shop, nicolae_shoals_land_atoll,
          uniq_louise
Shoals:4: shoals_end_grunt_ice, layout_shoals
Spider:1: layout_chambers, gammafunk_ghost_necromancy, uniq_asterion
Spider:2: layout_spider_delve
Spider:3: layout_chambers
Spider:4: spider_rune_water, guppyfry_spider_mini_3
Slime:1:  layout_caves
Orc:1:    layout_caves, serial_shops, nicolae_shop_hallway_plus,
          portal_ice_cave_demonic_guard, nicolae_orc_bridge_out,
          bh_open_orc_temple
Orc:2:    st_orc_elflike, layout_diamond_mine, serial_shops, nicolae_shop_trees,
          nicolae_orc_lava_room, uniq_nessos
Elf:1:    eino_elf_arrival_sip, layout_geoelf_diagonals,
          kennysheep_underground_church
Elf:2:    nicolae_elf_blades_crystal_corner, layout_rooms
Elf:3:    minmay_elf_hall_not_hex, layout_geoelf_castle,
          nicolae_elf_deep_mausoleum
Vaults:1: ontoclasm_vaults_chip, v_pattern_1, vaults_standard_mumra_x,
          nicolae_vaults_ninety_degrees, vaults_dpeg_encased_lava,
          hangedman_vaults_maws, ontoclasm_vaults_hangar,
          ontoclasm_vaults_idyll, hangedman_vaults_corner_blocks,
          special_room_vaults [special_room_orc], grunt_vaults_twisty,
          ontoclasm_vaults_loading_screen, layout_vaults_big_room
Vaults:2: blue_anna_dwarven_crypt, nicolae_vaults_network_quincunx
          [nicolae_vaults_network_quincunx_subvault,
          nicolae_vaults_network_quincunx_subvault,
          nicolae_vaults_network_quincunx_subvault,
          nicolae_vaults_network_quincunx_subvault,
          nicolae_vaults_network_quincunx_subvault], nicolae_vaults_arrows,
          nicolae_vaults_yaktaur_gun_rack, nicolae_vaults_mini_display_case,
          v_misc_28, dpeg_vaults_monster_row, vaults_room_stairs_pillars,
          nicolae_vaults_rhombus_6, vaults_dpeg_diagonal,
          nicolae_vaults_statue_guard, nicolae_vaults_specimen_jars, v_misc_17,
          layout_vaults_omnibox, uniq_margery
Vaults:3: v_misc_11, v_misc_26, ontoclasm_vaults_chip,
          nicolae_vaults_little_squares_2, ontoclasm_vaults_idyll,
          nicolae_vaults_little_squares_1, layout_vaults_quadrants
Vaults:4: hangedman_vaults_trim, ontoclasm_vaults_fire_temple, v_misc_13,
          ontoclasm_vaults_ligature, vaults_room_door_hall,
          ontoclasm_vaults_hangar, nicolae_vaults_puzzle_piece,
          vaults_mumra_hex, v_rooms_4, v_misc_30, layout_vaults_ring,
          serial_shops, nicolae_shop_trees
Vaults:5: serial_shops

Skill      XL: |  1  2  3  4  5  6  7  8  9 10 11 12 13 14 15 16 17 18 19 20 21 22 23 |
---------------+----------------------------------------------------------------------+-----
Earth Magic    | 4 5 6 7 8 9 10 11 13 14 15 16 17 18 19 20 21 | 21.1
Armour         | 1 2 3 4 5 6 7 8 9 10 11 12 13 14 | 14.0
Fighting       | 1 2 3 4 5 6 7 8 9 10 11 12 13 14 | 14.0
Dodging        | 2 3 4 5 6 7 8 9 10 11 | 11.0
Stealth        | 3 4 5 6 7 8 9 10 11 12 13 14 15 | 15.5
Spellcasting   | 3 4 5 6 7 8 9 10 11 12 13 14 15 16 | 16.7
Conjurations   | 1 2 3 4 6 7 9 10 11 12 13 14 15 16 17 19 20 21 | 21.4
Shields        | 1 3 5 6 7 8 9 11 12 13 14 15 | 15.5
Axes           | 2 5 7 |  7.5
Fire Magic     | 4 6 7 |  7.1
Transmutations | |  0.7

Action                   |  1- 3 |  4- 6 |  7- 9 | 10-12 | 13-15 | 16-18 | 19-21 | 22-24 || total
-------------------------+-------+-------+-------+-------+-------+-------+-------+-------++-------
Melee: Unarmed           |    12 |       |       |       |       |       |       |       ||    12
       Long sword        |    20 |       |       |       |       |       |       |       ||    20
       Short sword       |       |    12 |     6 |       |       |       |       |       ||    18
       Quarterstaff      |       |       |       |     6 |     1 |       |       |       ||     7
       Staff             |       |       |       |     3 |     3 |       |       |       ||     6
       Broad axe         |       |       |       |       |       |    91 |    63 |    86 ||   240
 Cast: Sandblast         |    44 |    95 |    99 |    60 |    49 |     3 |     1 |       ||   351
       Stone Arrow       |       |     1 |   114 |   137 |   173 |    41 |       |     2 ||   468
       Lee's Rapid Decon |       |       |     4 |   113 |   341 |   440 |   465 |   197 ||  1560
       Blink             |       |       |       |       |       |     1 |       |     2 ||     3
       Iron Shot         |       |       |       |       |       |   163 |   391 |   106 ||   660
Evoke: Wand              |       |       |       |     2 |     2 |     2 |       |       ||     6
  Use: Scroll            |       |     6 |     9 |     5 |    10 |    11 |     5 |     1 ||    47
       Potion            |       |       |       |     1 |     9 |     4 |     2 |     1 ||    17
 Stab: Sleeping          |     1 |     1 |       |       |       |       |       |       ||     2
Armor: Robe              |    16 |     8 |     2 |       |       |       |       |       ||    26
       Leather armour    |       |       |    16 |    40 |    56 |   231 |   249 |    75 ||   667
       Troll leather arm |       |       |       |       |     9 |       |       |       ||     9
       Gold dragon scale |       |       |       |       |       |       |       |    13 ||    13
Dodge: Dodged            |    26 |    30 |    42 |    71 |    91 |   280 |   309 |   103 ||   952
Block: Buckler           |       |       |       |       |    30 |    86 |       |       ||   116
       Kite shield       |       |       |       |       |       |   106 |   372 |   144 ||   622
       Reflection        |       |       |       |       |       |    15 |    51 |     9 ||    75
